 Dungeon Crawl Stone Soup version 0.27.0-1-g7a089689b8 (webtiles) character file.

Game seed: 18111634988629972041

34 mainiacjoe the Caller (level 3, 0/19 HPs)
             Began as a Tengu Summoner on July 31, 2021.
             Succumbed to a scorpion's poison
             ... on level 2 of the Dungeon.
             The game lasted 00:03:27 (1636 turns).

mainiacjoe the Caller (Tengu Summoner)              Turns: 1636, Time: 00:03:27

Health: 0/19       AC:  3    Str:  8    XL:     3   Next: 31%
Magic:  7/7        EV: 12    Int: 16    God:
Gold:   17         SH:  0    Dex: 14    Spells: 3/6 levels left

rFire    . . .     SeeInvis .   e - +0 hunting sling
rCold    . . .     Faith    .   (no shield)
rNeg     . . .     Spirit   .   a - +0 robe
rPois    .         Reflect  .   (helmet restricted)
rElec    .         Harm     .   (no cloak)
rCorr    .         Rampage  .   h - +0 pair of gloves
Will     .....                  (boots unavailable)
Stlth    ++........             (no amulet)
HPRegen  0.06/turn              (no ring)
MPRegen  0.10/turn              (no ring)

@: lethally poisoned (0 -> -14)
A: beak, talons 3
a: no special abilities


You were on level 2 of the Dungeon.
You visited 1 branch of the dungeon, and saw 2 of its levels.

You collected 17 gold pieces.

Inventory:

Hand Weapons
 e - a +0 hunting sling (weapon)
Missiles
 b - 3 stones (quivered ammo)
 f - 20 bolts
Armour
 a - a +0 robe (worn)
 h - a +0 pair of gloves (worn)
Scrolls
 c - a scroll of fear
 d - a scroll of teleportation {unknown}
Potions
 g - a potion of heal wounds


   Skills:
 - Level 2.1 Dodging
 + Level 2.7 Stealth
 - Level 2.0 Spellcasting
 * Level 5.7 Summonings


You had 3 spell levels left.
You knew the following spells:

 Your Spells              Type           Power      Damage    Failure   Level
a - Summon Small Mammal   Summ           80%        N/A       1%          1
b - Call Imp              Summ           20%        N/A       3%          2

Your spell library contained the following spells:

 Spells                   Type           Power      Damage    Failure   Level
 Call Canine Familiar     Summ           20%        N/A       6%          3
 Summon Guardian Golem    Hex/Summ       10%        N/A       19%         3
 Pain                     Necr           4%         1d4       21%         1
 Summon Lightning Spire   Summ/Air       10%        N/A       54%         4
 Agony                    Necr           1%         N/A       99%         5
 Excruciating Wounds      Necr           0%         N/A       99%         5


Dungeon Overview and Level Annotations

Branches:
Dungeon (2/15)

Altars:


Innate Abilities, Weirdness & Mutations

You have a beak for a mouth.
You have claws for feet.


Message History

Found a dagger.
A scorpion comes into view.
Found a robe.
You shoot a stone.
The stone hits the scorpion but does no damage.
You shoot a stone.
The stone hits the scorpion but does no damage.
You shoot a stone. The stone barely misses the scorpion.
You shoot a stone. The stone hits the scorpion.
The scorpion is lightly wounded.
The scorpion stings you but does no damage.
You shoot a stone. The stone hits the scorpion.
The scorpion is moderately wounded.
The scorpion barely misses you.
You shoot a stone.
The stone hits the scorpion but does no damage.
The scorpion is moderately wounded.
The scorpion stings you.
The scorpion stings you but does no damage.
You shoot a stone. The stone closely misses the scorpion.
The scorpion stings you.
You are poisoned.
The scorpion poisons you!
You shoot a stone.
The stone completely misses the scorpion.
You feel very sick. The scorpion closely misses you. x2
You shoot a stone. The stone barely misses the scorpion.
You feel sick. The scorpion misses you.
You are too injured to fight recklessly!
You are too injured to fight recklessly!
You are too injured to fight recklessly!
You are too injured to fight recklessly!
You feel sick.
You feel sick. The scorpion stings you.
You are lethally poisoned!
The scorpion poisons you!
* * * LOW HITPOINT WARNING * * *
You feel very sick.
You die...

[# .(# .. .(
#####( .....
.##.#.(######
...).....s..#
###########@#
#####.###
#...)...#
######.......#
#............#
#............#
#....<.......#
#............#
#............#


You could see a scorpion.

Vanquished Creatures
  A ball python (D:1)
  6 bats (D:1)
  3 endoplasms (D:1)
  A goblin (D:2)
  A hobgoblin (D:1)
  A jackal (D:1)
  A kobold (D:1)
  2 frilled lizards (D:1)
  4 rats (D:1)
20 creatures vanquished.

Vanquished Creatures (collateral kills)
  A dart slug (D:1)
  A bat (D:1)
  3 endoplasms (D:1)
  A hobgoblin (D:1)
  7 jackals (D:1)
  A kobold (D:1)
  A quokka (D:1)
  A rat (D:1)
16 creatures vanquished.

Grand Total: 36 creatures vanquished

Notes
Turn   | Place    | Note
-------+----------+-------------------------------------------
     0 | D:1      | mainiacjoe the Tengu Summoner began the quest for the Orb.
     0 | D:1      | Reached XP level 1. HP: 10/10 MP: 4/4
    98 | D:1      | Reached skill level 5 in Summonings
   264 | D:1      | Reached XP level 2. HP: 15/15 MP: 6/6
   270 | D:1      | Learned a level 2 spell: Call Imp
   313 | D:1      | Found a faded altar of an unknown god.
  1135 | D:1      | Reached XP level 3. HP: 19/19 MP: 2/7
  1623 | D:2      | Noticed a scorpion
  1636 | D:2      | Succumbed to a scorpion's poison

Illustrated notes

Levels and vault maps discovered:
D:1:      doesnt_arrival_eight_statues, layout_loops_ring,
          dilly_ecumenical_altar_fadedgnrine
D:2:      layout_basic, basic_altar, minmay_circle_x

Skill      XL: |  1 |
---------------+----+-----
Summonings     | 5 |  5.7
Dodging        | |  2.1
Stealth        | |  2.7
Spellcasting   | |  2.0

Action                   || total
-------------------------++-------
Melee: Unarmed           ||    62
       Kick              ||    15
       Peck              ||     7
 Fire: Hunting sling     ||    31
 Cast: Summon Small Mamm ||     8
       Call Imp          ||    11
  Use: Scroll            ||     2
Armor: Robe              ||    29
Dodge: Dodged            ||    71
